Map: 에코 - 래더

Players

JJAKJI

  • Race: Terran Terran
  • Spawn Location: 5:00

INnoVation - Winner!

  • Race: Terran Terran
  • League: Master
  • Spawn Location: 11:00

VOD

Have the link to the VOD?

Description

Time

  • Played on: Nov. 26, 2016, 3:57 a.m.
  • Length: 7:02
Show
View Real Time Build Order
Export as new Build Order

JJAKJI Terran 

Build Orders: Reaper Expand, Mech 

Get SALT Encoding   

  12  0:00  SCV  
  13  0:13  SCV  
  14  0:17  Supply Depot  
  14  0:25  SCV  
  14  0:28  Refinery  
  15  0:39  SCV  
  16  0:44  Barracks  
  16  0:51  SCV  
  17  1:03  SCV  
  18  1:15  SCV  
  19  1:31  Orbital Command, Reaper  
  20  1:44  Command Center  
  20  1:57  Factory  
  20  1:58  SCV  
  21  2:05  Refinery  
  21  2:08  Barracks Reactor  
  21  2:11  SCV  
  21  2:22  Supply Depot  
  21  2:25  SCV  
  22  2:37  SCV  
  23  2:49  Starport  
  23  2:50  Hellion  
  25  2:51  Marine x2  
  25  2:53  SCV  
  28  3:00  Orbital Command  
  28  3:06  SCV  
  29  3:16  Marine  
  29  3:17  Widow Mine  
  29  3:18  Marine  
  29  3:19  SCV  
  34  3:25  Viking  
  35  3:27  SCV  
  35  3:31  SCV  
  37  3:35  Engineering Bay  
  38  3:41  SCV  
  38  3:43  SCV  
  39  3:52  Barracks Tech Lab  
  39  3:55  SCV x2  
  39  4:03  Missile Turret  
  39  4:08  SCV x2  
  41  4:16  Hellion x2  
  43  4:20  Missile Turret, SCV x2  
  45  4:31  Viking  
  45  4:33  SCV  
  46  4:40  Barracks Reactor  
  46  4:46  Supply Depot  
  46  4:58  Command Center, Factory Tech Lab, Supply Depot  
  46  5:03  SCV  
  46  5:07  Raven  
  46  5:08  SCV  
  48  5:15  SCV  
  48  5:20  SCV  
  48  5:27  SCV  
  46  5:32  Siege Tank, SCV  
  48  5:37  Factory  
  48  5:38  Barracks Tech Lab  
  48  5:39  Factory, SCV  
  49  5:43  Refinery  
  49  5:44  Refinery, SCV  
  50  5:51  SCV  
  50  5:56  SCV  
  52  6:03  SCV  
  51  6:04  Siege Tank  
  51  6:08  SCV  
  55  6:15  Viking x2  
  55  6:16  SCV  
  60  6:20  SCV  
  61  6:28  SCV  
  61  6:29  Missile Turret  
  61  6:32  SCV  
  63  6:33  Orbital Command  
  63  6:34  Missile Turret  
  63  6:40  SCV  
  66  6:47  SCV  
Show
View Real Time Build Order
Export as new Build Order

INnoVation Terran - Winner!

Build Orders: 1/1/1, Banshee Rush 

Get SALT Encoding   

  12  0:00  SCV  
  13  0:12  SCV  
  14  0:17  Supply Depot  
  14  0:25  SCV  
  14  0:28  Refinery  
  15  0:38  SCV  
  16  0:44  Barracks  
  16  0:50  SCV  
  16  0:55  Refinery  
  17  1:02  SCV  
  18  1:15  SCV  
  19  1:30  Orbital Command  
  19  1:31  Reaper  
  20  1:34  Factory  
  20  1:45  Supply Depot  
  20  1:56  SCV  
  21  2:03  Marine  
  21  2:08  SCV  
  23  2:19  Starport  
  23  2:20  Factory Tech Lab, Marine  
  23  2:21  SCV  
  25  2:25  Supply Depot  
  25  2:33  SCV  
  26  2:38  Marine  
  27  2:45  Widow Mine  
  29  2:52  SCV  
  29  2:55  Supply Depot  
  29  2:57  Marine  
  31  3:00  Cloaking Field  
  31  3:01  Banshee  
  31  3:04  SCV  
  35  3:15  Factory Reactor, Marine  
  36  3:23  SCV  
  37  3:36  Command Center, SCV  
  38  3:44  Banshee  
  38  3:48  SCV  
  42  4:00  SCV  
  42  4:01  Factory Tech Lab  
  42  4:03  Marine x2  
  44  4:10  Supply Depot  
  44  4:12  SCV  
  45  4:24  SCV  
  45  4:27  Command Center  
  46  4:31  Raven  
  46  4:36  SCV  
  46  4:39  Siege Tank  
  46  4:44  Marine x2  
  51  4:50  Orbital Command  
  51  4:53  SCV  
  52  5:05  SCV  
  53  5:12  Refinery  
  53  5:13  Refinery  
  53  5:16  SCV  
  53  5:18  SCV  
  53  5:21  Viking x2  
  57  5:27  Marine  
  57  5:30  SCV  
  57  5:31  SCV  
  59  5:36  Siege Tank  
  62  5:43  Orbital Command, SCV x2  
  62  5:45  Marine  
  65  5:51  Viking x2  
  65  5:55  SCV  
  65  5:56  SCV  
  71  6:00  Supply Depot  
  71  6:03  Marine  
  72  6:05  Orbital Command  
  72  6:08  Siege Tank  
  72  6:10  SCV x2  
  75  6:21  Viking x2  
  75  6:22  SCV  
  75  6:23  SCV  
  75  6:24  Barracks  
  81  6:28  Barracks  
  81  6:29  Marine  
  81  6:30  Supply Depot  
  82  6:33  SCV  
  82  6:35  SCV x2  
  85  6:41  Engineering Bay  
  85  6:45  Engineering Bay  
  85  6:46  SCV  
  85  6:47  SCV x2  
Tags
 
Add a new tag
Caveats
  • Supply blocks, unpowered buildings, or Contaminate may cause inaccurate times.
  • Supply counts are checked every 10 seconds.